 Dungeon Crawl Stone Soup version 0.17-a0-1262-gd250d98 (webtiles) character file.

4266 kidanger the Nimble (level 10, -10/96 HPs)
             Began as a Troll Abyssal Knight on June 6, 2015.
             Was an Elder of Lugonu.
             Mangled by a sphinx (16 damage)
             ... on level 9 of the Dungeon.
             The game lasted 00:35:38 (7118 turns).

kidanger the Nimble (Troll Abyssal Knight)          Turns: 7118, Time: 00:35:39

Health: -10/96     AC: 13    Str: 25    XL:     10   Next: 10%
Magic:  3/11       EV: 12    Int:  8    God:    Lugonu [****..]
Gold:   422        SH:  0    Dex:  9    Spells: 0 memorised, 9 levels left

rFire  . . .     SeeInvis .     q - +9 spear (chaos)
rCold  . . .     Clarity  .     J - +2 robe
rNeg   . . .     SustAt   .     (no shield)
rPois  +         Gourm    +     (helmet restricted)
rElec  .         Spirit   .     h - +1 cloak {rPois}
rCorr  .         Warding  .     (gloves unavailable)
rMut   .         Stasis   .     (boots unavailable)
MR     +....                    (no amulet)
Stlth  ++........               D - +4 ring of protection
                                l - ring of protection from magic

@: somewhat resistant to hostile enchantments, unstealthy
A: unfitting armour, claws 3, fast metabolism 3, gourmand, regeneration 2,
shaggy fur 1, tough skin 2
a: Depart the Abyss, Bend Space, Banish, Corrupt, Renounce Religion


You were on level 9 of the Dungeon.
You worshipped Lugonu.
Lugonu was greatly pleased with you.
You were not hungry.

You visited 2 branches of the dungeon, and saw 10 of its levels.
You visited the Abyss 1 time.

You collected 515 gold pieces.
You spent 93 gold pieces at shops.

Inventory:

Hand weapons
 q - a +9 spear of chaos (weapon)
Armour
 a - a +1 robe
 h - a +1 cloak of poison resistance (worn)
 n - a +0 robe of fire resistance
 x - a +1 cloak
 J - a +2 robe (worn)
Jewellery
 l - a ring of protection from magic (left claw)
 u - an uncursed ring of sustain attributes
 w - an uncursed ring of ice
 D - a +4 ring of protection (right claw)
Magical devices
 j - a wand of hasting (9)
 s - a wand of confusion (29)
 B - a wand of frost (32)
 E - a wand of confusion (11)
 G - a wand of heal wounds (0)
 H - a wand of digging (14)
 I - a wand of paralysis (2)
Scrolls
 e - a scroll of recharging
 p - 8 scrolls of teleportation
 A - 2 scrolls of fog
 C - a scroll of magic mapping
Potions
 c - a potion of degeneration
 d - a potion of ambrosia {unknown}
 i - a potion of flight {unknown}
 m - 4 potions of brilliance
 o - a potion of curing
 v - a potion of magic {unknown}
 z - a potion of berserk rage
Books
 r - a book of the Earth

   Spells                             Type                      Level
   a - Leda's Liquefaction            Hexes/Earth                  4
   b - Bolt of Magma                  Conjuration/Fire/Earth       5
   c - Statue Form                    Transmutation/Earth          6
   d - Iron Shot                      Conjuration/Earth            6
   e - Shatter                        Earth                        9
 y - a book of Frost

   Spells                             Type                      Level
   a - Freeze                         Ice                          1
   b - Throw Frost                    Conjuration/Ice              2
   c - Ozocubu's Armour               Charms/Ice                   3
   d - Throw Icicle                   Conjuration/Ice              4
   e - Summon Ice Beast               Ice/Summoning                4
   f - Condensation Shield            Ice                          4
Comestibles
 b - 6 bread rations
 g - 2 slices of pizza
 k - 3 fruits
 t - 5 meat rations
 K - a beef jerky
 L - 2 chunks of flesh


   Skills:
 + Level 5.4 Fighting
 * Level 6.0 Polearms
 + Level 8.1 Dodging
 + Level 3.5 Stealth
 + Level 3.0 Unarmed Combat
 + Level 2.8 Invocations


You had 9 spell levels left.
You didn't know any spells.

Dungeon Overview and Level Annotations

Branches:
Dungeon (9/15)             Temple (1/1) D:7
   Lair: D:8-11         Orc: D:9-12

Altars:
Ashenzari
Cheibriados
Dithmenos
Elyvilon
Gozag
Kikubaaqudgha
Makhleb
Nemelex Xobeh
Okawaru
Qazlal
Sif Muna
Trog
Vehumet
Xom
Yredelemnul
Zin
The Shining One
Lugonu

Shops:
D:4 [

Annotations:
D:6 Grinder
D:8 corrupted


Innate Abilities, Weirdness & Mutations

You are too large for most types of armour.
You have claws for hands.
Your metabolism is lightning-fast.
You like to eat raw meat.
You heal very quickly.
You are covered in fur (AC +1).
You have very tough skin (AC +2).


Message History

The sphinx hits you.
* * * LOW HITPOINT WARNING * * *
The sphinx hits you but does no damage.
Use which ability? (? or * to list)
Press: ? - help, Shift-Dir - straight line, f - sphinx
Aim: a sphinx (lightly wounded, fast, chance to defeat MR: 31%)
The sphinx easily resists.
You feel somewhat less full. The sphinx hits you.
* * * LOW HITPOINT WARNING * * *
The sphinx hits you.
* * * LOW HITPOINT WARNING * * *
The sphinx closely misses you. The sphinx hits you.
* * * LOW HITPOINT WARNING * * *
The sphinx hits you.
* * * LOW HITPOINT WARNING * * *
The sphinx hits you but does no damage.
Use which ability? (? or * to list)
Press: ? - help, Shift-Dir - straight line, f/p - sphinx
Aim: a sphinx (lightly wounded, fast, chance to defeat MR: 31%)
The sphinx easily resists.
The sphinx hits you!
You die...

#........... #.########## #.#
#.!... #.# #..... #.# #.####
#.# #.# # #######.#####.# #
##### #.H)..........####
###...### #@#####...........
##.......## #.# #######.####
##.........###.# #.#
#....≈≈≈....##.# #.#
###...≈≈≈≈≈...##############.#
.....≈≈...≈≈.....#...........#
._...≈≈.>.≈≈.......####......#
.....≈≈...≈≈.....#........####
###...≈≈≈≈≈...####.####^#.#


You could see a sphinx.

Vanquished Creatures
  Erica (D:9)
  Pikel (D:7)
  2 hippogriffs (D:8)
  Duvessa (D:6)
  An orc warrior (D:9)
  2 water moccasins
  3 ogres
  An ice beast (D:9)
  2 wasps (D:9)
  A centaur (D:9)
  A phantom (D:6)
  A big kobold (D:9)
  A brain worm (D:7)
  Blork the orc (D:6)
  Dowan (D:6)
  4 killer bees (D:8)
  4 scorpions
  2 crimson imps
  3 jellies
  8 hounds
  3 orc priests
  6 orc wizards
  6 worker ants
  A killer bee zombie (D:8)
  8 adders
  10 gnolls
  2 shadow imps
  2 oozes
  An adder skeleton (D:5)
  4 worms (D:2)
  6 giant geckos
  15 orcs
  A ball python (D:5)
  A bat skeleton (D:4)
  2 giant cockroaches
  9 goblins
  10 hobgoblins
  20 kobolds
  2 quokkas
  9 bats
  3 giant gecko skeletons
  2 giant newts
  6 jackals
  2 quokka skeletons
  9 rats
181 creatures vanquished.

Vanquished Creatures (others)
  A hungry ghost (D:8)
  A slave (D:7)
  A centaur (D:9)
  A big kobold (D:8)
  A giant frog zombie (D:8)
  A quasit (D:7)
  An orc (D:8)
  A giant cockroach (D:6)
  A goblin (D:7)
  4 kobolds
  A quokka zombie (D:8)
14 creatures vanquished.

Grand Total: 195 creatures vanquished

Notes
Turn   | Place    | Note
--------------------------------------------------------------
     0 | Abyss:1  | kidanger the Troll Abyssal Knight began the quest for the Orb.
     0 | Abyss:1  | Reached XP level 1. HP: 22/22 MP: 1/1
     0 | D:1      | Escaped the Abyss
    55 | D:1      | Reached XP level 2. HP: 26/29 MP: 2/2
   155 | D:1      | Acquired Lugonu's first power
   249 | D:1      | Reached XP level 3. HP: 36/36 MP: 3/3
   866 | D:2      | Found a burning altar of Makhleb.
   868 | D:2      | Found a radiant altar of Vehumet.
   937 | D:2      | Reached skill level 3 in Fighting
   937 | D:2      | Reached XP level 4. HP: 13/45 MP: 4/4
  1354 | D:2      | Found a shimmering altar of Xom.
  1960 | D:3      | Acquired Lugonu's second power
  1968 | D:3      | Reached XP level 5. HP: 50/53 MP: 3/5
  2752 | D:4      | Found Vikapt's Armour Emporium.
  2760 | D:4      | Bought a +0 cloak of poison resistance for 93 gold pieces
  3201 | D:4      | Reached skill level 1 in Stealth
  3211 | D:4      | Reached skill level 1 in Polearms
  3211 | D:4      | Reached XP level 6. HP: 56/61 MP: 6/6
  3473 | D:4      | Noticed an ogre
  3479 | D:4      | Killed an ogre
  3677 | D:5      | Entered Level 5 of the Dungeon
  3796 | D:5      | Reached skill level 4 in Dodging
  3984 | D:5      | Reached XP level 7. HP: 62/67 MP: 7/7
  4025 | D:5      | Found a shadowy altar of Dithmenos.
  4112 | D:5      | Acquired Lugonu's third power
  4284 | D:6      | Noticed Grinder
  4310 | D:6      | Found an iron altar of Okawaru.
  4420 | D:6      | Found a shattered altar of Ashenzari.
  4458 | D:6      | Noticed Blork the orc
  4462 | D:6      | Noticed Duvessa
  4466 | D:6      | Killed Blork the orc
  4467 | D:6      | Noticed Dowan
  4476 | D:6      | Killed Duvessa
  4493 | D:6      | Killed Dowan
  4493 | D:6      | Reached skill level 5 in Dodging
  4609 | D:7      | Found a glowing silver altar of Zin.
  4609 | D:7      | Noticed an angel
  4681 | D:7      | Reached XP level 8. HP: 67/78 MP: 8/8
  4706 | D:7      | Acquired Lugonu's fourth power
  4746 | D:7      | Noticed Pikel
  4761 | D:7      | Paralysed by Pikel for 7 turns
  4772 | D:7      | Killed Pikel
  4772 | D:7      | Reached skill level 6 in Dodging
  4857 | D:7      | Found a glowing golden altar of the Shining One.
  4898 | D:7      | Found a staircase to the Ecumenical Temple.
  4904 | Temple   | Entered the Ecumenical Temple
  5329 | D:8      | Corrupted D:8
  5329 | D:8      | Noticed a raiju
  5329 | D:8      | Noticed a starcursed mass
  5329 | D:8      | Noticed a large abomination
  5474 | D:8      | Reached XP level 9. HP: 80/85 MP: 8/10
  5509 | D:8      | Reached skill level 7 in Dodging
  5994 | D:8      | Found an iron altar of Okawaru.
  5994 | D:8      | Found a bloodstained altar of Trog.
  5995 | D:8      | Found an opulent altar of Gozag.
  6428 | D:9      | Reached skill level 5 in Polearms
  6533 | D:9      | Found a deep blue altar of Sif Muna.
  6570 | D:9      | Reached skill level 5 in Fighting
  7039 | D:9      | Noticed Erica
  7083 | D:9      | Killed Erica
  7083 | D:9      | Reached skill level 8 in Dodging
  7083 | D:9      | Reached XP level 10. HP: 34/96 MP: 11/11
  7107 | D:9      | Noticed a sphinx
  7118 | D:9      | Mangled by a sphinx

Vault maps used:
D:1:      elethiomel_arrival_infinity_welcomes_careful_drivers
D:2:      nicolae_overflow_hidden_temple, tgw_xom
D:4:      serial_shops, shop, first_bread
D:5:      lemuel_coloured_pillars_altar
D:6:      cheibrodos_ashenzari_chains, lemuel_doored_altar, serial_shops,
          shop_coins, hex_tiny, dk_noncrumbling_4, okawaru_gym_becter,
          uniq_blork_the_orc, uniq_grinder, uniq_duvessa
D:7:      tso_altar, zin_angel, minmay_temple_entry_grid, serial_bayou_lagoon_b,
          uniq_pikel
D:8:      gammafunk_temple_overflow_claw
D:9:      tgw_sif, uniq_erica
Temple:   corrupted_temple

Action                   |  1- 3 |  4- 6 |  7- 9 | 10-12 || total
-------------------------+-------+-------+-------+-------++-------
Melee: Unarmed           |    82 |     3 |       |       ||    85
       Spear             |       |   163 |   414 |     2 ||   579
Invok: Depart the Abyss  |     1 |       |       |       ||     1
       Bend Space        |       |     1 |       |       ||     1
       Corrupt           |       |       |     1 |       ||     1
       Banish            |       |       |     1 |     2 ||     3
Evoke: Wand              |       |       |     1 |       ||     1
  Use: Scroll            |       |    18 |     8 |     3 ||    29
       Potion            |       |     2 |    10 |       ||    12
 Stab: Sleeping          |       |     6 |     3 |       ||     9
       Distracted        |       |     1 |       |       ||     1
       Paralysed         |       |     1 |     4 |       ||     5
       Petrified         |       |       |     2 |       ||     2
       Petrifying        |       |       |     1 |       ||     1
  Eat: Chunk             |     3 |    25 |    29 |     1 ||    58
       Meat ration       |     1 |       |       |       ||     1
       Bread ration      |       |     2 |       |       ||     2
